Map: Pillars of Gold LE

Players

DnS - Winner!

  • Race: Protoss Protoss
  • Spawn Location: 1:00

MarineLorD

  • Race: Terran Terran
  • League: Master
  • Spawn Location: 7:00

Event: DreamHack SC2 Masters 2020 Winter

VOD

Have the link to the VOD?

Description

Time

  • Played on: Oct. 25, 2020, 3:23 p.m.
  • Length: 16:03

All games in this series

Show
View Real Time Build Order
Export as new Build Order

DnS Protoss - Winner!

Build Orders: Phoenix Opening 

Get SALT Encoding   

  12  0:00  Probe  
  13  0:12  Probe  
  14  0:17  Pylon  
  14  0:24  Probe (Chrono Boost)  
  16  0:36  Probe (Chrono Boost)  
  16  0:38  Gateway  
  16  0:43  Probe (Chrono Boost)  
  16  0:47  Assimilator  
  17  0:51  Probe  
  18  1:03  Probe  
  19  1:15  Probe  
  20  1:28  Cybernetics Core  
  20  1:33  Probe  
  21  1:48  Pylon  
  21  1:53  Nexus  
  21  1:56  Probe  
  22  2:03  Assimilator  
  22  2:06  Adept (Chrono Boost)  
  22  2:13  Probe  
  25  2:25  Probe  
  25  2:27  Stargate  
  26  2:32  Adept  
  28  2:42  Warp Gate  
  28  2:44  Probe  
  28  2:50  Pylon  
  29  2:56  Probe  
  30  3:04  Adept  
  30  3:05  Probe  
  33  3:12  Phoenix (Chrono Boost)  
  33  3:15  Probe  
  33  3:17  Probe  
  37  3:27  Probe  
  37  3:29  Probe, Phoenix (Chrono Boost)  
  41  3:37  Adept  
  41  3:39  Probe  
  44  3:41  Probe  
  44  3:45  Pylon  
  45  3:50  Phoenix (Chrono Boost)  
  45  3:51  Probe  
  48  3:58  Probe  
  49  4:03  Probe  
  49  4:05  Gateway  
  50  4:10  Probe  
  50  4:11  Assimilator  
  50  4:15  Probe, Phoenix (Chrono Boost)  
  54  4:25  Probe  
  54  4:27  Robotics Facility  
  54  4:28  Probe  
  54  4:30  Pylon  
  56  4:32  Assimilator  
  56  4:37  Probe  
  57  4:43  Phoenix (Chrono Boost)  
  59  4:46  Probe  
  59  4:47  Adept  
  59  4:51  Pylon  
  62  4:53  Gateway  
  62  4:57  Probe  
  62  4:58  Probe  
  64  5:00  Pylon  
  64  5:06  Sentry  
  66  5:09  Probe  
  66  5:11  Probe  
  68  5:15  Robotics Bay  
  68  5:23  Observer  
  68  5:26  Nexus  
  69  5:29  Pylon  
  69  5:34  Adept  
  69  5:35  Adept  
  73  5:42  Probe x2  
  75  5:52  Shield Battery  
  75  5:55  Probe  
  75  5:56  Probe  
  77  5:57  Observer  
  77  6:01  Colossus (Chrono Boost)  
  77  6:07  Stalker x2  
  77  6:08  Stalker  
  77  6:10  Probe  
  90  6:13  Shield Battery  
  90  6:21  Probe  
  90  6:22  Probe  
  92  6:27  Extended Thermal Lance  
  92  6:33  Stalker  
  91  6:40  Probe  
  91  6:41  Probe  
  91  6:44  Probe  
  91  6:46  Observer  
  90  6:50  Colossus (Chrono Boost)  
  90  6:53  Probe x2  
  98  6:57  Sentry  
  98  6:58  Probe  
  98  6:59  Observer  
  101  7:05  Probe  
  101  7:07  Probe  
  103  7:11  Sentry  
  103  7:12  Probe  
  103  7:15  Forge  
  106  7:17  Pylon x2  
  106  7:23  Probe, Pylon  
  106  7:25  Protoss Ground Weapons Level 1 (Chrono Boost)  
  106  7:26  Stalker  
  106  7:29  Pylon  
  109  7:35  Probe x3, Colossus (Chrono Boost)  
  118  7:47  Twilight Council, Probe x3  
  121  7:52  Photon Cannon  
  121  7:59  Probe x2  
  121  8:00  Probe  
  121  8:02  Assimilator  
  121  8:03  Assimilator  
  121  8:05  Zealot x3  
  130  8:10  Gateway  
  130  8:11  Probe, Gateway  
  131  8:16  Charge (Chrono Boost), Gateway  
  131  8:21  Warp Prism (Chrono Boost)  
  133  8:33  Gateway  
  133  8:34  Pylon  
  133  8:35  Templar Archives, Gateway  
  132  8:47  Gravitic Drive (Chrono Boost)  
  131  8:50  Pylon  
  131  8:51  Pylon  
  131  8:54  Disruptor (Chrono Boost)  
  134  8:57  Robotics Facility  
  134  9:09  Zealot x4  
  142  9:10  Zealot x2  
  142  9:14  Pylon  
  142  9:16  Pylon  
  146  9:17  Pylon  
  146  9:24  Disruptor (Chrono Boost)  
  146  9:28  Protoss Ground Armor Level 1 (Chrono Boost)  
  146  9:31  Zealot, High Templar x2  
  151  9:32  Zealot  
  151  9:35  Pylon, Archon  
  151  9:37  Stalker, Nexus  
  159  9:39  Pylon  
  159  9:50  Disruptor (Chrono Boost)  
  159  9:54  Stalker x5  
  168  10:00  Zealot  
  168  10:03  Blink  
  170  10:13  Disruptor  
  165  10:22  Disruptor  
  166  10:28  Probe x2  
  166  10:29  Probe  
  166  10:32  Dark Shrine  
  166  10:35  Pylon  
  169  10:39  Stalker  
  169  10:40  Zealot x5  
  181  10:48  Zealot x2, Disruptor  
  181  10:49  Probe  
  181  11:03  Gateway  
  181  11:06  Forge  
  181  11:08  Zealot x6, Gateway  
  193  11:14  Disruptor  
  194  11:30  Pylon  
  194  11:33  Protoss Ground Weapons Level 2 (Chrono Boost), Protoss Ground Armor Level 2 (Chrono Boost), Photon Cannon  
  194  11:34  Photon Cannon  
  194  11:36  Shield Battery  
  192  11:44  Shadow Stride  
  192  11:45  Probe x4  
  192  11:47  Dark Templar x2  
  192  11:51  Dark Templar  
  192  11:57  Probe x4  
  192  11:58  Assimilator x2  
  196  12:08  Nexus  
  196  12:09  Pylon  
  196  12:10  Gateway  
  196  12:11  Gateway  
  186  12:33  Stalker x4  
  194  12:43  Disruptor x2 (Chrono Boost)  
  170  12:51  Probe x2  
  172  13:00  Dark Templar x5  
  172  13:01  Dark Templar x3  
  188  13:10  Zealot x4  
  196  13:13  Shield Battery  
  196  13:15  Shield Battery  
  196  13:17  Photon Cannon  
  196  13:19  Photon Cannon  
  196  13:21  Photon Cannon  
  196  13:25  Stargate  
  196  13:26  Fleet Beacon  
  196  13:38  Assimilator  
  196  13:39  Assimilator  
  186  13:52  Zealot x3, Dark Templar x5  
  196  14:09  Zealot x2  
  200  14:18  Stargate  
  190  15:06  Stalker x6, Zealot  
  190  15:07  Zealot x2  
  198  15:09  Nexus  
  200  15:17  Photon Cannon  
  200  15:18  Pylon  
  200  15:19  Pylon  
Show
View Real Time Build Order
Export as new Build Order

MarineLorD Terran 

Build Orders:  

Get SALT Encoding   

  12  0:00  SCV  
  13  0:12  SCV  
  14  0:17  Supply Depot  
  14  0:24  SCV  
  15  0:29  Refinery  
  15  0:38  SCV  
  16  0:46  Barracks  
  16  0:51  SCV  
  17  1:03  SCV  
  18  1:15  SCV  
  19  1:20  Engineering Bay  
  20  1:33  Orbital Command, Marine  
  20  1:46  Factory  
  20  1:54  Barracks Reactor  
  20  1:58  Supply Depot  
  20  1:59  SCV  
  21  2:11  SCV  
  22  2:22  Command Center  
  22  2:24  SCV  
  23  2:36  Hellion x2  
  27  2:38  SCV  
  27  2:42  Barracks Tech Lab  
  28  2:47  Supply Depot  
  28  2:50  SCV  
  29  3:04  Marine  
  29  3:05  Stimpack  
  30  3:10  Barracks  
  30  3:13  Hellion  
  30  3:16  Hellion  
  30  3:18  SCV  
  35  3:24  Marine  
  36  3:30  SCV  
  36  3:33  Orbital Command  
  37  3:41  Refinery, Marine  
  37  3:42  SCV  
  39  3:49  Widow Mine  
  39  3:54  Starport  
  41  4:00  Marine  
  41  4:01  SCV x2  
  42  4:10  Marine x2  
  42  4:13  SCV x2, Factory Reactor  
  46  4:18  Marine  
  46  4:19  Supply Depot  
  46  4:25  SCV x2  
  46  4:27  Marine  
  46  4:28  Marine  
  50  4:35  Supply Depot  
  50  4:37  SCV x2  
  52  4:41  Medivac  
  52  4:43  Marine  
  52  4:45  Marine  
  53  4:46  Combat Shield  
  53  4:49  SCV x2  
  56  4:54  Marine  
  56  4:55  Widow Mine  
  56  4:57  Widow Mine  
  61  5:00  Supply Depot  
  61  5:01  SCV  
  61  5:02  SCV  
  61  5:04  Marine x2  
  65  5:10  Engineering Bay  
  65  5:14  SCV x2  
  67  5:24  Marine x2  
  67  5:25  Marine  
  67  5:26  SCV x2  
  72  5:30  Refinery  
  72  5:33  Supply Depot  
  72  5:34  Medivac x2  
  76  5:38  SCV x2  
  76  5:40  Terran Infantry Weapons Level 1  
  78  5:50  Supply Depot  
  78  5:54  SCV, Marine x3  
  78  5:56  Supply Depot  
  82  6:03  SCV  
  81  6:10  Concussive Shells  
  79  6:11  Medivac, Factory Tech Lab  
  79  6:12  Marine  
  79  6:13  Barracks  
  79  6:15  Medivac, Refinery  
  84  6:25  Marauder, Marine  
  87  6:30  Command Center, Marine  
  87  6:32  SCV  
  89  6:38  SCV  
  88  6:45  SCV  
  88  6:46  Marauder  
  89  6:50  SCV, Marine  
  89  6:53  Siege Tank  
  92  6:57  SCV  
  89  7:02  Barracks Tech Lab  
  89  7:06  Barracks  
  89  7:07  Barracks  
  89  7:08  SCV  
  90  7:09  SCV  
  90  7:10  Marine x2  
  90  7:11  Marauder  
  95  7:20  SCV  
  95  7:21  SCV, Marauder  
  99  7:29  Marine  
  100  7:31  Viking  
  100  7:34  SCV  
  100  7:35  SCV  
  100  7:36  Viking  
  105  7:37  Siege Tank  
  105  7:39  Supply Depot  
  105  7:40  Supply Depot  
  105  7:42  Terran Infantry Armor Level 1  
  105  7:43  Supply Depot  
  104  7:45  Orbital Command  
  104  7:49  SCV x2  
  106  7:55  Barracks Reactor, Barracks Tech Lab  
  106  7:59  Marauder x2  
  106  8:00  Marine  
  106  8:01  SCV x2, Marine  
  114  8:08  Viking  
  114  8:11  Viking  
  118  8:13  SCV x2  
  118  8:15  Siege Tank  
  118  8:17  SCV  
  124  8:20  Refinery  
  124  8:21  Refinery  
  123  8:27  Marauder x2, Marine  
  123  8:28  Marauder  
  123  8:29  Marine  
  131  8:38  Viking, Supply Depot  
  131  8:41  Viking  
  135  8:45  SCV x2  
  135  8:48  Missile Turret  
  136  8:51  Armory  
  136  8:52  Engineering Bay  
  136  8:53  SCV  
  137  8:56  Marauder  
  137  8:57  Marauder x2  
  137  8:58  Marine x2  
  137  8:59  Siege Tank  
  148  9:05  Ghost Academy  
  148  9:06  Supply Depot  
  148  9:08  Supply Depot  
  148  9:15  Viking x2  
  152  9:21  Supply Depot  
  152  9:23  Supply Depot  
  152  9:25  Missile Turret  
  152  9:27  Missile Turret  
  158  9:38  Ghost x3  
  154  9:39  Terran Infantry Weapons Level 2  
  154  9:44  Marine x2  
  154  9:45  SCV x3  
  155  9:57  SCV x2  
  155  9:59  Marine x2  
  160  10:01  Marine  
  160  10:02  Marine  
  160  10:07  Marauder x2  
  160  10:09  Command Center  
  160  10:11  SCV  
  159  10:14  SCV x2  
  157  10:23  SCV  
  157  10:26  SCV  
  159  10:28  Terran Infantry Armor Level 2  
  159  10:30  Terran Ship Weapons Level 1  
  159  10:31  Enhanced Shockwaves  
  159  10:35  SCV x2  
  161  10:41  Marauder x2, Sensor Tower  
  165  10:43  Marauder  
  164  10:50  SCV x3  
  164  10:53  Marine  
  166  10:59  Siege Tank  
  166  11:02  SCV x3  
  166  11:03  Marauder  
  174  11:07  Liberator  
  174  11:08  Liberator  
  180  11:14  SCV  
  181  11:19  Marauder x2  
  185  11:31  SCV x2, Command Center  
  185  11:32  Marauder, Marine x3  
  193  11:40  SCV  
  193  11:43  SCV  
  188  11:50  SCV  
  188  11:52  SCV  
  188  11:54  Bunker  
  187  11:55  Marauder x3  
  193  12:01  Terran Infantry Weapons Level 3  
  193  12:07  Planetary Fortress  
  193  12:14  Refinery  
  193  12:15  Refinery  
  192  12:17  Sensor Tower  
  164  12:30  Marauder x2  
  164  12:32  SCV x3  
  164  12:33  Marine x2  
  164  12:34  Marauder, Marine x2  
  144  12:51  Marine x4, Siege Tank  
  144  12:52  Marauder, Marine  
  144  12:55  SCV x4, Marauder  
  160  12:58  Terran Ship Weapons Level 2  
  160  13:07  SCV x4  
  160  13:09  Marauder, Liberator  
  169  13:13  Liberator  
  172  13:20  Planetary Fortress  
  172  13:22  SCV x3  
  172  13:24  Siege Tank  
  172  13:26  SCV  
  176  13:30  Missile Turret  
  176  13:34  Ghost x2  
  165  13:52  Viking  
  165  13:53  SCV x2  
  165  13:54  SCV x2  
  171  13:56  Viking  
  171  14:00  SCV, Missile Turret  
  174  14:05  SCV x2  
  174  14:06  SCV  
  177  14:13  SCV  
  177  14:14  SCV  
  179  14:20  Siege Tank  
  179  14:22  Viking  
  184  14:24  Barracks  
  184  14:25  Barracks  
  184  14:26  Viking, Barracks  
  186  14:38  SCV x3  
  189  14:50  SCV x2  
  189  14:51  SCV x2  
  162  15:02  SCV  
  162  15:03  SCV  
  162  15:04  Marauder, Marine x3  
  161  15:10  SCV x2  
  162  15:15  SCV  
  162  15:16  Siege Tank  
  162  15:19  Viking x2  
  163  15:23  Barracks Tech Lab  
  163  15:24  Barracks Reactor, Barracks Tech Lab  
  163  15:25  SCV  
  163  15:26  Refinery  
  164  15:30  Missile Turret  
  160  15:35  Marine  
  160  15:36  Marauder, Marine x3  
  160  15:41  Marauder, Marine  
  164  15:51  Missile Turret  
Tags
 
Add a new tag
Caveats
  • Supply blocks, unpowered buildings, or Contaminate may cause inaccurate times.
  • Supply counts are checked every 10 seconds.